SR
STATEN ISLAND PIZZA RATS @ NEWCASTLE MERMEN
08/20/2033
 
TOP OF THE 1ST
Staten Island Pizza Rats batting - Pitching for Newcastle Mermen : LHP Sergio Gallegos
Pitching: LHP Sergio Gallegos
Batting: LHB Wilson Sabadodíaz 0-0: Ball
1-0: Swinging Strike
1-1: Called Strike
1-2: Foul Ball, location: 2F
1-2: Ball
2-2: Strikes out swinging
Batting: SHB Chris Piña 0-0: Called Strike
0-1: Ground out 4-3 (Groundball, 4)
Batting: RHB Carlos Gonzáles 0-0: Ball
1-0: Ball
2-0: Ball
3-0: Base on Balls
Batting: RHB John Mayasich 0-0: Called Strike
0-1: SINGLE (Flyball, 7S)
Carlos Gonzáles to second
Batting: LHB Don Mosley 0-0: SINGLE (Flyball, 8RS)
Carlos Gonzáles to third
John Mayasich to second
Runner from 3rd tries for Home, SAFE, throw made home
Batting: RHB Jesús Corona 0-0: SINGLE (Flyball, 8LS)
John Mayasich to third
Don Mosley to second
Runner from 3rd tries for Home, SAFE, throw made home
Batting: LHB Luis Aguilar 0-0: Ball
1-0: Ball
2-0: Fly out, F7 (Flyball, 7LS)
Top of the 1st over - 2 runs, 3 hits, 0 errors, 2 left on base; Staten Island 2 - Newcastle 0
BOTTOM OF THE 1ST
Newcastle Mermen batting - Pitching for Staten Island Pizza Rats : RHP Millard Murphy
Pitching: RHP Millard Murphy
Batting: SHB José García 0-0: Ball
1-0: Called Strike
1-1: Ball
2-1: SINGLE (Line Drive, 89S)
Batting: LHB Carlos Guzmán 0-0: Called Strike
0-1: Foul Ball, location: 2F
0-2: Ball
1-2: Ball
2-2: Ball
3-2: Base on Balls
José García to second
Batting: RHB Seung-hwan Pak 0-0: Ball
Wild Pitch!
José García to third
Carlos Guzmán to second
1-0: Ball
2-0: Ball
3-0: Base on Balls
Batting: RHB Jasa Anastasijevic 0-0: Swinging Strike
0-1: Swinging Strike
0-2: Ball
1-2: Foul Ball, location: 2F
1-2: Strikes out swinging
Batting: RHB Katsuyuki Nakamura 0-0: Ball
1-0: Swinging Strike
1-1: Called Strike
1-2: Foul Ball, location: 2F
1-2: Ball
2-2: Ball
3-2: Foul Ball, location: 2F
3-2: SINGLE (Flyball, 89S)
José García scores
Carlos Guzmán to third
Seung-hwan Pak to second
Runner from 3rd tries for Home, SAFE, no throw
Batting: RHB Jesús Amengual 0-0: Ball
1-0: Swinging Strike
1-1: Fly out, F3 (Line Drive, 34S)
Batting: RHB Roberto Díaz 0-0: Called Strike
0-1: SINGLE (Line Drive, 56)
Seung-hwan Pak to third
Katsuyuki Nakamura to second
Batting: RHB Garm van Opdorp 0-0: Ball
1-0: Ball
2-0: Fly out, F8 (Flyball, 8RM)
Bottom of the 1st over - 2 runs, 3 hits, 0 errors, 3 left on base; Staten Island 2 - Newcastle 2
TOP OF THE 2ND
Staten Island Pizza Rats batting - Pitching for Newcastle Mermen : LHP Sergio Gallegos
Batting: RHB Doug Becker 0-0: Called Strike
0-1: Ball
1-1: Ball
2-1: Ball
3-1: Foul Ball, location: 2F
3-2: Foul Ball, location: 2F
3-2: Foul Ball, location: 2F
3-2: Foul Ball, location: 2F
3-2: Foul Ball, location: 2F
3-2: Fly out, F8 (Flyball, 8RD)
Batting: RHB Tadao Tsukamoto 0-0: Ball
1-0: Called Strike
1-1: Foul Ball, location: 2F
1-2: Ball
2-2: Ball
3-2: Base on Balls
Batting: LHB Wilson Sabadodíaz 0-0: Reached on error, E4 (Groundball, 4)
Tadao Tsukamoto to second
Batting: SHB Chris Piña 0-0: Ball
1-0: Ball
2-0: Called Strike
2-1: Swinging Strike
2-2: SINGLE (Groundball, 34D)
Tadao Tsukamoto to third
Wilson Sabadodíaz to second
Batting: RHB Carlos Gonzáles 0-0: Foul Ball, location: 2F
0-1: Swinging Strike
0-2: Foul Ball, location: 2F
0-2: Foul Ball, location: 2F
0-2: SINGLE (Groundball, 6MD)
Tadao Tsukamoto scores
Wilson Sabadodíaz to third
Chris Piña to second
Batting: RHB John Mayasich 0-0: Called Strike
0-1: Foul Ball, location: 2F
0-2: Ball
1-2: Foul Ball, location: 2F
1-2: Ball
2-2: Ball
3-2: Grounds into double play, 6-4-3 (Groundball, 6)
Top of the 2nd over - 1 run, 2 hits, 1 error, 2 left on base; Staten Island 3 - Newcastle 2
BOTTOM OF THE 2ND
Newcastle Mermen batting - Pitching for Staten Island Pizza Rats : RHP Millard Murphy
Batting: RHB Tom Matthews 0-0: Ball
1-0: Ball
2-0: Called Strike
2-1: Fly out, F7 (Flyball, 78S)
Batting: SHB José García 0-0: Called Strike
0-1: Ball
1-1: Ground out 5-3 (Groundball, 5)
Batting: LHB Carlos Guzmán 0-0: Fly out, F8 (Flyball, 8LM)
Bottom of the 2nd over - 0 runs, 0 hits, 0 errors, 0 left on base; Staten Island 3 - Newcastle 2
TOP OF THE 3RD
Staten Island Pizza Rats batting - Pitching for Newcastle Mermen : LHP Sergio Gallegos
Batting: LHB Don Mosley 0-0: Foul Ball, location: 2F
0-1: Foul Ball, location: 2F
0-2: Ball
1-2: Foul Ball, location: 2F
1-2: SINGLE (Groundball, 34D)
Batting: RHB Jesús Corona 0-0: Called Strike
0-1: Swinging Strike
0-2: Strikes out swinging
Batting: LHB Luis Aguilar 0-0: SINGLE (Line Drive, 9S)
Don Mosley to second
Batting: RHB Doug Becker 0-0: Ball
1-0: Called Strike
1-1: Called Strike
1-2: Foul Ball, location: 2F
1-2: Strikes out swinging
Batting: RHB Tadao Tsukamoto 0-0: Called Strike
0-1: Ball
1-1: Ball
2-1: Ground out 4-3 (Groundball, 34)
Top of the 3rd over - 0 runs, 2 hits, 0 errors, 2 left on base; Staten Island 3 - Newcastle 2
BOTTOM OF THE 3RD
Newcastle Mermen batting - Pitching for Staten Island Pizza Rats : RHP Millard Murphy
Batting: RHB Seung-hwan Pak 0-0: Ball
1-0: Ground out 6-3 (Groundball, 6)
Batting: RHB Jasa Anastasijevic 0-0: Called Strike
0-1: Ball
1-1: Foul Ball, location: 2F
1-2: Strikes out swinging
Batting: RHB Katsuyuki Nakamura 0-0: Called Strike
0-1: Swinging Strike
0-2: Fly out, F8 (Flyball, 89D)
Bottom of the 3rd over - 0 runs, 0 hits, 0 errors, 0 left on base; Staten Island 3 - Newcastle 2
TOP OF THE 4TH
Staten Island Pizza Rats batting - Pitching for Newcastle Mermen : LHP Sergio Gallegos
Batting: LHB Wilson Sabadodíaz 0-0: Foul Ball, location: 2F
0-1: Ball
1-1: Foul Ball, location: 2F
1-2: Strikes out looking
Batting: SHB Chris Piña 0-0: Ball
1-0: Foul Ball, location: 2F
1-1: Foul Ball, location: 2F
1-2: Ball
2-2: Strikes out swinging
Batting: RHB Carlos Gonzáles 0-0: Ball
1-0: Called Strike
1-1: Ball
2-1: Ball
3-1: Foul Ball, location: 2F
3-2: Foul Ball, location: 2F
3-2: Foul Ball, location: 2F
3-2: Base on Balls
Batting: RHB John Mayasich 0-0: Ball
1-0: Foul Ball, location: 2F
1-1: Swinging Strike
1-2: Foul Ball, location: 2F
1-2: Ball
2-2: Ball
3-2: Foul Ball, location: 2F
3-2: DOUBLE (Groundball, 5L)
Carlos Gonzáles to third
Carlos Gonzáles scores
Batting: LHB Don Mosley 0-0: Swinging Strike
0-1: Ball
1-1: Foul Ball, location: 2F
1-2: Strikes out swinging
Top of the 4th over - 1 run, 1 hit, 0 errors, 1 left on base; Staten Island 4 - Newcastle 2
BOTTOM OF THE 4TH
Newcastle Mermen batting - Pitching for Staten Island Pizza Rats : RHP Millard Murphy
Batting: RHB Jesús Amengual 0-0: Ball
1-0: Foul Ball, location: 2F
1-1: Swinging Strike
1-2: Strikes out swinging
Batting: RHB Roberto Díaz 0-0: Called Strike
0-1: SINGLE (Line Drive, 8LS)
Batting: RHB Garm van Opdorp 0-0: SINGLE (Groundball, 6MD)
Roberto Díaz to second
Batting: RHB Tom Matthews 0-0: Foul Ball, location: 2F
0-1: Ball
1-1: Foul Ball, location: 2F
1-2: Fly out, F3 (Line Drive, 34)
Lined into DP, U3 (Line Drive, 34)
Bottom of the 4th over - 0 runs, 2 hits, 0 errors, 1 left on base; Staten Island 4 - Newcastle 2
TOP OF THE 5TH
Staten Island Pizza Rats batting - Pitching for Newcastle Mermen : LHP Sergio Gallegos
Batting: RHB Jesús Corona 0-0: Ball
1-0: Ball
2-0: Ball
3-0: Called Strike
3-1: Ground out 5-3 (Groundball, 56)
Pitching: RHP Sjaak van Houten
Batting: LHB Luis Aguilar 0-0: SINGLE (Groundball, 4MD)
Batting: RHB Doug Becker 0-0: Foul Ball, location: 2F
0-1: Swinging Strike
0-2: Ball
1-2: Foul Ball, location: 2F
1-2: Strikes out swinging
Batting: RHB Tadao Tsukamoto 0-0: Ball
1-0: Ball
2-0: Ball
3-0: Called Strike
3-1: Foul Ball, location: 2F
3-2: Strikes out looking
Top of the 5th over - 0 runs, 1 hit, 0 errors, 1 left on base; Staten Island 4 - Newcastle 2
BOTTOM OF THE 5TH
Newcastle Mermen batting - Pitching for Staten Island Pizza Rats : RHP Millard Murphy
Batting: SHB José García 0-0: Called Strike
0-1: Ball
1-1: Swinging Strike
1-2: Ball
2-2: Ball
3-2: Base on Balls
Batting: LHB Carlos Guzmán 0-0: Ball
1-0: Bunted foul
1-1: Sac Bunt - play at first, batter OUT! 3-4
José García to second
Batting: RHB Seung-hwan Pak 0-0: Ball
1-0: Called Strike
1-1: Swinging Strike
1-2: Fly out, F9 (Flyball, 9D)
Batting: RHB Jasa Anastasijevic 0-0: Swinging Strike
0-1: Ball
1-1: Swinging Strike
1-2: Ball
2-2: Strikes out looking
Bottom of the 5th over - 0 runs, 0 hits, 0 errors, 1 left on base; Staten Island 4 - Newcastle 2
TOP OF THE 6TH
Staten Island Pizza Rats batting - Pitching for Newcastle Mermen : RHP Sjaak van Houten
Batting: LHB Wilson Sabadodíaz 0-0: Called Strike
0-1: Ball
1-1: Foul Ball, location: 2F
1-2: Ball
2-2: Ground out 1-3 (Groundball, 13)
Batting: SHB Chris Piña 0-0: Called Strike
0-1: Bunted foul
0-2: Ground out 6-3 (Groundball, 6)
Batting: RHB Carlos Gonzáles 0-0: Ball
1-0: SINGLE (Groundball, 34D)
Batting: RHB John Mayasich 0-0: Ball
1-0: Ball
2-0: Ball
3-0: Base on Balls
Carlos Gonzáles to second
Batting: LHB Don Mosley 0-0: Foul Ball, location: 2F
0-1: Fielders Choice at 2nd, 6-4 (Groundball, 6)
Top of the 6th over - 0 runs, 1 hit, 0 errors, 2 left on base; Staten Island 4 - Newcastle 2
BOTTOM OF THE 6TH
Newcastle Mermen batting - Pitching for Staten Island Pizza Rats : RHP Millard Murphy
Batting: RHB Katsuyuki Nakamura 0-0: SINGLE (Groundball, 6MD)
Batting: RHB Jesús Amengual 0-0: TRIPLE (Line Drive, 8RXD)
Katsuyuki Nakamura scores
Batting: RHB Roberto Díaz 0-0: Ball
1-0: SINGLE (Groundball, 2R) (infield hit)
Jesús Amengual scores
Batting: RHB Garm van Opdorp 0-0: Called Strike
0-1: SINGLE (Groundball, 6MD)
Roberto Díaz to second
Pitching: LHP Ismael Soto
Batting: RHB Tom Matthews 0-0: Ball
1-0: Foul Ball, location: 2F
1-1: DOUBLE (Groundball, 5L)
Roberto Díaz scores
Garm van Opdorp to third
Batting: SHB José García 0-0: Intentional Walk
Batting: LHB Carlos Guzmán 0-0: Ball
1-0: Ball
2-0: Foul Ball, location: 2F
2-1: Grounds into fielders choice 3-2 (Groundball, 3)
Tom Matthews to third
José García to second
Batting: RHB Seung-hwan Pak 0-0: Fly out, F8 (Line Drive, 8LM)
Runner from 3rd tags up, SCORES, no throw
Batting: RHB Jasa Anastasijevic 0-0: Ball
1-0: Ball
2-0: Foul Ball, location: 2F
2-1: Ball
3-1: Base on Balls
José García to third
Carlos Guzmán to second
Batting: RHB Katsuyuki Nakamura 0-0: Fly out, F8 (Flyball, 8RM)
Bottom of the 6th over - 4 runs, 5 hits, 0 errors, 3 left on base; Staten Island 4 - Newcastle 6
TOP OF THE 7TH
Staten Island Pizza Rats batting - Pitching for Newcastle Mermen : RHP Sjaak van Houten
Batting: RHB Jesús Corona 0-0: Called Strike
0-1: Swinging Strike
0-2: Ball
1-2: Ball
2-2: DOUBLE (Line Drive, 89D)
Batting: LHB Luis Aguilar 0-0: Called Strike
0-1: Ball
1-1: Ball
2-1: Ball
3-1: Base on Balls
Batting: RHB Doug Becker 0-0: Sac Bunt - play at first, batter OUT! 3-4
Jesús Corona to third
Luis Aguilar to second
Batting: RHB Tadao Tsukamoto 0-0: Ball
1-0: Fly out, F9 (Flyball, 9D)
Runner from 3rd tags up, SCORES, throw made
Pinch Hitting: LHB Ramiro Palmeiro 0-0: Ball
1-0: Ball
2-0: Called Strike
2-1: Ball
3-1: Foul Ball, location: 2F
3-2: Strikes out swinging
Top of the 7th over - 1 run, 1 hit, 0 errors, 1 left on base; Staten Island 5 - Newcastle 6
BOTTOM OF THE 7TH
Newcastle Mermen batting - Pitching for Staten Island Pizza Rats : LHP Ismael Soto
Now in CF: Ramiro Palmeiro
Batting: RHB Jesús Amengual 0-0: Ball
1-0: Reached on error, E5 (Groundball, 56)
Batting: RHB Roberto Díaz 0-0: Called Strike
0-1: Foul Ball, location: 2F
0-2: Strikes out swinging
Batting: RHB Garm van Opdorp 0-0: Foul Ball, location: 2F
0-1: Swinging Strike
0-2: Ball
1-2: Ball
Wild Pitch!
Jesús Amengual to second
2-2: Foul Ball, location: 2F
2-2: Ball
3-2: Intentional Walk
Batting: RHB Tom Matthews 0-0: Fly out, F6 (Line Drive, 6)
Batting: SHB José García 0-0: Called Strike
0-1: Ball
1-1: Foul Ball, location: 2F
1-2: Hit by Pitch
Jesús Amengual to third
Garm van Opdorp to second
Batting: LHB Carlos Guzmán 0-0: Fly out, F7 (Flyball, 78S)
Bottom of the 7th over - 0 runs, 0 hits, 1 error, 3 left on base; Staten Island 5 - Newcastle 6
TOP OF THE 8TH
Staten Island Pizza Rats batting - Pitching for Newcastle Mermen : RHP Sjaak van Houten
Batting: SHB Chris Piña 0-0: Called Strike
0-1: Ground out 5-3 (Groundball, 56S)
Batting: RHB Carlos Gonzáles 0-0: Called Strike
0-1: Foul Ball, location: 2F
0-2: Ball
1-2: Foul Ball, location: 2F
1-2: Foul Ball, location: 2F
1-2: Foul Ball, location: 2F
1-2: SINGLE (Flyball, 9S)
Pitching: LHP Doug Lane
Batting: RHB John Mayasich 0-0: Ball
1-0: Ball
2-0: Called Strike
2-1: Called Strike
2-2: Foul Ball, location: 2F
2-2: Ball
3-2: SINGLE (Line Drive, 89S)
Carlos Gonzáles to second
Batting: LHB Don Mosley 0-0: Foul Ball, location: 2F
0-1: Ball
1-1: Foul Ball, location: 2F
1-2: SINGLE (Groundball, 34D)
Carlos Gonzáles to third
John Mayasich to second
Runner from 3rd tries for Home, SAFE, throw made home
Batting: RHB Jesús Corona 0-0: Called Strike
0-1: Swinging Strike
0-2: Strikes out swinging
Batting: LHB Luis Aguilar 0-0: Called Strike
0-1: Called Strike
0-2: Strikes out swinging
Top of the 8th over - 1 run, 3 hits, 0 errors, 2 left on base; Staten Island 6 - Newcastle 6
BOTTOM OF THE 8TH
Newcastle Mermen batting - Pitching for Staten Island Pizza Rats : LHP Ismael Soto
Batting: RHB Seung-hwan Pak 0-0: Ball
1-0: Called Strike
1-1: SINGLE (Flyball, 78S)
Pinch Runner at 1st Jorge Castillo:
Batting: RHB Jasa Anastasijevic 0-0: Ball
1-0: Called Strike
1-1: Ball
2-1: Fly out, F8 (Line Drive, 8LM)
Now in CF: Julius Spry
Batting: RHB Katsuyuki Nakamura 0-0: Swinging Strike
0-1: Called Strike
0-2: Foul Ball, location: 2F
0-2: SINGLE (Line Drive, 3D)
Jorge Castillo to second
Batting: RHB Jesús Amengual 0-0: Called Strike
0-1: Fly out, F7 (Flyball, 7)
Batting: RHB Roberto Díaz 0-0: Ball
Wild Pitch!
Jorge Castillo to third
Katsuyuki Nakamura to second
1-0: Ball
2-0: Fly out, F2 (Popup, 13S)
Bottom of the 8th over - 0 runs, 2 hits, 0 errors, 2 left on base; Staten Island 6 - Newcastle 6
TOP OF THE 9TH
Staten Island Pizza Rats batting - Pitching for Newcastle Mermen : LHP Doug Lane
Batting: RHB Doug Becker 0-0: Ball
1-0: Foul Ball, location: 2F
1-1: Ball
2-1: Ball
3-1: Swinging Strike
3-2: Strikes out swinging
Batting: RHB Tadao Tsukamoto 0-0: Ball
1-0: Ball
2-0: Ball
3-0: Called Strike
3-1: Ground out U3 (Groundball, 3L)
Batting: RHB Julius Spry 0-0: Swinging Strike
0-1: Called Strike
0-2: Ball
1-2: Ball
2-2: Strikes out swinging
Top of the 9th over - 0 runs, 0 hits, 0 errors, 0 left on base; Staten Island 6 - Newcastle 6
BOTTOM OF THE 9TH
Newcastle Mermen batting - Pitching for Staten Island Pizza Rats : LHP Ismael Soto
Batting: RHB Garm van Opdorp 0-0: Foul Ball, location: 2F
0-1: Ball
1-1: Ball
2-1: SINGLE (Line Drive, 8LM)
Batting: RHB Tom Matthews 0-0: Foul Ball, location: 2F
0-1: Fly out, F8 (Flyball, 8RD)
Batting: SHB José García 0-0: Single, Error in OF, E8, batter to second base
Garm van Opdorp to third
Batting: LHB Carlos Guzmán 0-0: Intentional Walk
Batting: LHB Jorge Castillo 0-0: Foul Ball, location: 2F
0-1: SINGLE (Line Drive, 9)
Garm van Opdorp scores
Saturday, December 22nd, 2018 - OOTP Baseball 18.8 Build 76